 Dungeon Crawl Stone Soup version 0.19-a0-1002-g674d22e (webtiles) character file.

16 mistymad the Skirmisher (level 2, 0/24 HPs)
             Began as a Formicid Abyssal Knight on July 18, 2016.
             Was a Follower of Lugonu.
             Succumbed to a kobold's poison
             ... on level 1 of the Dungeon.
             The game lasted 00:01:29 (564 turns).

mistymad the Skirmisher (Formicid Abyssal Knight)    Turns: 564, Time: 00:01:30

Health: 0/24       AC:  3    Str: 21    XL:     2   Next: 75%
Magic:  3/3        EV:  8    Int: 11    God:    Lugonu [*.....]
Gold:   5          SH:  7    Dex: 10    Spells: 0 memorised, 1 level left

rFire  . . .     SeeInvis +     a - +1 hand axe
rCold  . . .     Gourm    .     b - +0 leather armour
rNeg   . . .     Faith    .     h - +0 shield
rPois  .         Spirit   .     (helmet unavailable)
rElec  .         Dismiss  .     (no cloak)
rCorr  .         Reflect  .     (no gloves)
SustAt .         Harm     .     (no boots)
MR     .....                    (no amulet)
Stlth  +.........               (no ring)
                                (no ring)

@: mighty, lethally poisoned (0 -> -1), not resistant to hostile enchantments,
very unstealthy
A: permanent stasis, dig shafts and tunnels, four strong arms, antennae 3
a: Dig, Shaft Self, Depart the Abyss, Renounce Religion


You were on level 1 of the Dungeon.
You worshipped Lugonu.
Lugonu was aware of your devotion.
You were not hungry.

You visited 1 branch of the dungeon, and saw 1 of its levels.
You visited the Abyss 1 time.

You collected 5 gold pieces.

Inventory:

Hand Weapons
 a - a +1 hand axe (weapon)
Armour
 b - a +0 leather armour (worn)
 h - a +0 shield (worn)
Scrolls
 d - a scroll of enchant weapon {unknown}
 e - a scroll of remove curse {unknown}
Comestibles
 c - a bread ration
 f - a slice of pizza
 g - 2 chunks of flesh


   Skills:
 + Level 3.4 Fighting
 + Level 2.2 Axes
 + Level 2.3 Armour
 + Level 1.3 Dodging
 + Level 0.0 Shields
 + Level 2.5 Invocations


You had one spell level left.
You didn't know any spells.

Dungeon Overview and Level Annotations

Branches:
Dungeon (1/15)

Altars:


Innate Abilities, Weirdness & Mutations

You are under a permanent stasis effect.
You can dig through walls and to a lower floor.
Your four strong arms can wield two-handed weapons with a shield.
You have a pair of large antennae on your head. (SInv)


Message History

You feel sick.
You take 1 damage, and have 5/24 hp.
There is a lethal amount of poison in your body!
There is a lethal amount of poison in your body!
* * * LOW HITPOINT WARNING * * *
You feel sick.
You take 1 damage, and have 4/24 hp.
* * * LOW HITPOINT WARNING * * *
You feel sick.
You take 1 damage, and have 3/24 hp.
* * * LOW HITPOINT WARNING * * *
You feel sick.
There is a stone staircase leading down here.
* * * LOW HITPOINT WARNING * * *
You feel sick.
You take 1 damage, and have 2/24 hp.
* * * LOW HITPOINT WARNING * * *
You feel sick.
You take 1 damage, and have 1/24 hp.
You die...

### #.###########
#...........#
#.#########.# #.# #.#
#.# #.# #########.##
#.###
#..........########.#.#
#.[...@..>.............
#..........########+#(#
#########'## #..)(.#
#.# #..)..# #.# #.....#
###.# #.....# #...#
#......# #...# #......#
#...# #.......


There were no monsters in sight!

Vanquished Creatures
  An adder (D:1)
  A bat (D:1)
  A goblin (D:1)
  A hobgoblin (D:1)
  A giant newt (D:1)
  2 kobolds (D:1)
  2 rats (D:1)
9 creatures vanquished.

Vanquished Creatures (others)
  2 starspawn tentacles (Abyss:1)
  36 starspawn tentacle segments (Abyss:1)
38 creatures vanquished.

Grand Total: 47 creatures vanquished

Notes
Turn   | Place    | Note
-------+----------+-------------------------------------------
     0 | Abyss:1  | mistymad the Formicid Abyssal Knight began the quest for the Orb.
     0 | Abyss:1  | Reached XP level 1. HP: 18/18 MP: 2/2
    38 | Abyss:1  | Noticed a hellwing
    40 | Abyss:1  | Noticed a tormentor
    40 | Abyss:1  | Noticed a quasit
    47 | Abyss:1  | Noticed an orange demon
    49 | Abyss:1  | Noticed a tentacled starspawn
    81 | D:1      | Escaped the Abyss
   372 | D:1      | Reached skill level 1 in Dodging
   447 | D:1      | Reached XP level 2. HP: 24/24 MP: 3/3
   538 | D:1      | Reached * piety under Lugonu
   560 | D:1      | HP: 1/24 [poisoned by a kobold]
   564 | D:1      | Succumbed to a kobold's poison

Vault maps used:
D:1:      dpeg_arrival_rooms_c, minmay_newt_pond

Skill      XL: |  1 |
---------------+----+-----
Dodging        | 1 |  1.3
Fighting       | |  3.4
Axes           | |  2.2
Armour         | |  2.3
Invocations    | |  2.5

Action                   || total
-------------------------++-------
Melee: Hand axe          ||    26
Invok: Depart the Abyss  ||     1
  Use: Potion            ||     1
Armor: Leather armour    ||    21
Dodge: Dodged            ||    44
Block: Shield            ||     8
